Map: New Gettysburg LE

Players

Gracz

  • Race: Terran Terran
  • League: Silver

Simple - Winner!

  • Race: Terran Terran

VOD

Have the link to the VOD?

Description

Time

  • Played on: Oct. 1, 2016, 1:30 p.m.
  • Length: 75:04
Show
View Real Time Build Order
Export as new Build Order

Gracz Terran 

Build Orders:  

Get SALT Encoding   

  12  0:01  SCV  
  13  0:13  SCV  
  14  0:19  Supply Depot  
  14  0:26  Refinery  
  14  0:30  SCV  
  15  0:42  SCV  
  16  0:48  Barracks  
  16  0:54  SCV  
  17  0:57  Refinery  
  17  1:06  SCV  
  18  1:19  SCV  
  19  1:31  SCV  
  20  1:43  SCV, Reaper  
  22  1:55  SCV  
  22  1:58  Command Center  
  23  2:11  Factory  
  23  2:16  Barracks Tech Lab  
  23  2:35  Supply Depot  
  23  2:44  Barracks  
  23  2:54  SCV  
  23  3:00  Reaper  
  24  3:06  SCV  
  26  3:13  Hellion  
  24  3:54  Starport  
  24  3:59  Factory Tech Lab  
  24  4:09  SCV  
  25  4:10  Starport  
  25  4:21  SCV  
  25  4:23  Siege Tank  
  29  4:25  Barracks Reactor  
  29  4:28  Barracks Tech Lab  
  29  4:50  Starport Tech Lab  
  29  4:54  Fusion Core  
  29  5:03  Armory  
  29  5:21  Orbital Command  
  29  5:23  Orbital Command  
  25  6:15  Battlecruiser  
  31  6:19  Refinery, SCV  
  31  6:20  SCV  
  33  6:31  SCV  
  33  6:32  SCV  
  35  6:33  Refinery  
  35  6:43  SCV  
  35  6:44  SCV  
  37  6:52  Battlecruiser  
  43  6:55  SCV  
  43  6:56  SCV  
  45  7:07  SCV  
  46  7:20  Supply Depot  
  46  7:41  SCV x2  
  46  7:42  Battlecruiser  
  54  7:50  Supply Depot  
  54  7:59  Siege Tank, SCV x2  
  59  8:08  Battlecruiser  
  65  8:13  SCV x2  
  67  8:25  SCV  
  68  8:56  Supply Depot  
  68  8:58  SCV x2  
  72  9:03  Marine x2, Marauder  
  74  9:10  SCV  
  74  9:13  Battlecruiser  
  81  9:21  Marine x2  
  81  9:24  Weapon Refit, Marauder  
  85  9:38  Marine  
  85  9:39  Marine  
  89  9:45  Marauder  
  89  9:56  Marine  
  92  10:07  Marauder  
  88  10:28  Marauder  
  80  10:57  Battlecruiser x2  
  81  11:25  Behemoth Reactor  
  81  11:28  Marine  
  81  11:29  Marine x2  
  81  11:31  Stimpack  
  87  11:32  Siege Tank  
  87  11:46  Marine  
  88  11:47  Marine x2  
  90  12:04  Marine  
  90  12:05  Siege Tank  
  92  13:37  Supply Depot  
  92  13:52  Command Center  
  92  13:59  Battlecruiser  
  98  14:13  Battlecruiser  
  89  14:27  Marine x3  
  89  14:30  Combat Shields  
  92  14:32  Siege Tank  
  95  14:44  Marine  
  95  14:45  Marine x2  
  98  15:03  Marauder  
  98  15:04  Battlecruiser  
  106  15:11  Orbital Command  
  106  15:17  Battlecruiser  
  112  15:25  Marauder  
  113  15:46  Marauder  
  112  16:14  Command Center  
  87  17:08  Marine, Marauder  
  87  17:09  Marine  
  87  17:11  Thor  
  95  17:26  Marine x2  
  95  17:29  Marauder  
  99  17:44  Marine x2  
  99  17:51  Marauder  
  103  17:54  Thor  
  109  18:02  Marine  
  104  18:12  Marauder  
  100  18:20  Medivac x2  
  104  18:50  Medivac x2  
  76  20:08  Marine x3  
  76  20:10  Battlecruiser x2  
  91  20:17  Refinery  
  91  20:18  Refinery  
  91  20:25  Marine  
  91  20:26  Marine x2  
  94  20:43  Marine  
  94  20:44  Barracks, Marine x2  
  97  20:52  Barracks  
  97  21:01  Marine x3  
  97  21:02  Thor  
  106  21:14  Battlecruiser x2  
  118  21:19  Marine x2  
  120  21:42  Command Center  
  120  21:48  Orbital Command  
  120  22:03  Refinery  
  120  22:04  Refinery  
  120  22:19  Barracks Reactor x2  
  120  22:48  Engineering Bay  
  120  22:51  Engineering Bay  
  120  23:00  Medivac x2  
  120  23:02  Marine x2, Marauder  
  120  23:04  Concussive Shells  
  128  23:20  Marine x2  
  128  23:23  Marauder  
  132  23:29  Medivac  
  132  23:30  Medivac, Marine  
  132  23:31  Marine x3  
  140  23:37  Marine  
  140  23:38  Marine  
  142  23:44  Marauder  
  142  23:48  Marine x2  
  144  23:49  Marine x2  
  144  23:55  Marine  
  148  23:56  Marine  
  146  24:06  Marine x4, Marauder  
  137  24:24  Marine x4  
  136  24:27  Marine  
  85  25:06  Marine x4  
  73  25:24  Marine x4  
  63  25:41  Marine  
  63  25:42  Marine  
  59  25:43  Marine x2  
  59  25:46  Marine, Marauder  
  59  25:47  Marine  
  65  25:50  Medivac x2  
  69  25:59  Marine  
  69  26:00  Marine x3  
  73  26:04  Marine x2  
  73  26:07  Marauder  
  73  26:09  Orbital Command  
  77  26:17  Marine  
  77  26:18  Marine x3  
  79  26:20  Medivac x2  
  79  26:22  Marine x2  
  87  26:28  Marauder  
  89  26:35  Marine  
  89  26:36  Marine x3  
  93  26:40  Marine x2  
  95  26:49  Medivac  
  95  26:50  Medivac, Marauder  
  95  26:51  Thor  
  95  26:53  Marine x2  
  109  26:54  Marine x2  
  109  26:57  Marine  
  109  26:58  Marine  
  113  27:08  Refinery  
  113  27:09  SCV  
  113  27:11  Marine x2, Refinery, Marauder  
  113  27:12  Marine x2  
  113  27:15  Marine  
  120  27:16  Marine  
  120  27:19  Medivac  
  120  27:20  Medivac  
  120  27:21  SCV  
  127  27:28  Marine  
  127  27:29  Marine x3  
  129  27:32  Marine  
  129  27:33  Marine, SCV  
  129  27:34  Marine, Thor  
  141  27:45  SCV  
  141  27:49  Medivac  
  141  27:50  Marine, Medivac  
  147  27:57  SCV  
  148  28:17  Thor  
  86  28:38  Marine x7  
  93  28:53  SCV  
  94  28:56  Marine x7, SCV x4  
  105  29:03  Thor  
  105  29:05  Medivac  
  105  29:06  Medivac, SCV  
  105  29:08  SCV  
  117  29:13  Marine  
  117  29:14  Marine x6  
  124  29:18  SCV  
  125  29:30  SCV  
  123  29:31  Marine  
  123  29:32  Marine x6  
  123  29:35  Medivac  
  123  29:36  Medivac  
  124  29:42  SCV  
  114  29:46  Thor  
  114  29:49  Marine  
  114  29:50  Marine x6  
  114  30:05  Medivac  
  114  30:06  Medivac  
  108  30:08  Marine  
  106  30:15  Marine x2  
  106  30:16  Marine x4  
  112  30:25  Marine  
  113  30:28  Thor  
  113  30:33  Marine x6  
  115  30:43  Marine  
  99  30:51  Marine x6  
  105  31:01  Marine  
  103  31:08  Marine  
  103  31:09  Marine x5  
  109  31:11  Thor  
  109  31:12  Barracks  
  115  31:19  Marine  
  115  31:20  Command Center  
  116  31:26  Marine  
  116  31:27  Marine x5  
  116  31:28  Command Center  
  122  31:37  Marine  
  123  31:44  Medivac x2, Marine  
  123  31:45  Marine x5  
  133  31:54  Marine, Thor  
  140  32:02  Marine x6  
  140  32:06  Barracks Reactor  
  140  32:07  Starport  
  146  32:12  Marine  
  146  32:14  Medivac x2  
  151  32:20  Marine  
  152  32:37  Siege Tank  
  152  32:44  Medivac x2  
  120  33:09  Siege Tank  
  123  33:14  Medivac x2  
  127  33:30  Marine  
  127  33:31  Marine x6  
  118  33:41  Siege Tank  
  118  33:43  Medivac  
  118  33:44  Medivac  
  102  33:55  Orbital Command x2  
  102  33:57  Marine  
  102  33:58  Marine x5  
  102  34:00  Medivac  
  102  34:02  Starport  
  108  34:13  Banshee  
  108  34:14  Banshee  
  108  34:15  Marine x4  
  81  34:30  Medivac  
  83  34:37  Marine  
  83  34:38  Marine x8  
  85  34:42  Hellion  
  94  34:55  Marine  
  94  34:56  Marine x8, Banshee  
  105  35:03  Cyclone  
  109  35:13  Marine  
  109  35:14  Marine x8  
  82  35:31  Marine  
  82  35:32  Marauder  
  67  35:35  Cyclone  
  56  35:50  Marine  
  56  35:51  Marine x5  
  56  35:54  Marauder  
  58  36:08  Cyclone, Marine  
  58  36:09  Marine x5  
  63  36:14  Marine  
  57  36:26  Marine x2  
  49  36:41  Barracks x2  
  49  36:44  Barracks  
  39  37:24  Barracks  
  39  37:40  Starport  
  39  37:43  Starport  
  39  37:46  Starport  
  39  37:52  Barracks Tech Lab, Barracks Reactor x2  
  39  37:53  Marine x3  
  39  37:57  Siege Tank  
  45  38:03  Refinery  
  45  38:04  Refinery  
  45  38:11  Marine x3  
  45  38:12  Refinery  
  48  38:16  SCV  
  48  38:17  SCV x4  
  53  38:24  Refinery  
  53  38:27  Refinery  
  53  38:28  Marine  
  53  38:29  Marine x2, Siege Tank  
  59  38:46  Marine  
  59  38:47  Marine x2  
  62  39:05  Marine  
  63  39:53  Barracks Reactor  
  63  40:01  Starport Reactor x3  
  63  40:03  Marine  
  63  40:04  Marauder  
  63  40:05  Marauder  
  63  40:06  Marine x5  
  73  40:08  Medivac  
  75  40:21  Marine  
  75  40:23  Marine  
  75  40:24  Marine x4  
  75  40:26  Marauder x2  
  85  40:39  Marine  
  85  40:41  Marine  
  87  40:47  Marauder x2  
  91  40:54  Orbital Command  
  91  41:06  Marine  
  91  41:07  Marine x7  
  91  41:09  Marauder x2  
  103  41:13  Medivac x6  
  115  41:24  Marine x2  
  115  41:25  Marine x2  
  119  41:28  SCV  
  119  41:30  Orbital Command, Marauder x2  
  123  41:57  SCV  
  124  42:09  SCV  
  124  42:14  Orbital Command  
  113  42:25  Missile Turret  
  113  42:29  Missile Turret  
  110  42:39  SCV  
  111  42:51  SCV  
  112  43:03  SCV  
  36  45:01  SCV  
  36  45:02  Marine x5  
  36  45:03  Marine x5  
  45  45:20  Marine x10  
  55  45:31  Medivac  
  55  45:32  Medivac x5  
  67  45:37  Marine  
  67  45:38  Marine x9  
  67  45:41  Command Center  
  77  45:42  Terran Infantry Armor Level 1, Terran Infantry Weapons Level 1  
  77  45:55  Marine  
  77  45:56  Marine x9  
  87  46:01  Medivac  
  87  46:02  Medivac x5  
  99  46:13  Marine  
  99  46:14  Marine x5  
  105  46:19  Medivac x2  
  109  46:31  Medivac  
  109  46:32  Medivac x5, Marauder x2  
  125  46:48  Medivac  
  125  46:49  Medivac, Marine x2  
  125  46:50  Marine x6  
  125  46:54  Marauder x2  
  141  46:56  Command Center  
  141  47:07  Marine x7  
  148  47:15  Marauder x2  
  152  47:27  Orbital Command  
  152  47:35  SCV x4  
  156  47:47  SCV x4  
  156  47:49  Marine  
  156  47:50  Marine x6, Refinery  
  167  48:19  Orbital Command  
  167  48:34  Marine  
  167  48:35  Marine x9  
  174  48:52  Marine  
  174  49:13  Marine x5  
  174  49:14  Marine x5  
  184  49:31  Marine x2  
  186  49:55  Supply Depot  
  186  49:56  Supply Depot  
  186  49:57  Supply Depot  
  186  50:16  Marine x2  
  186  50:17  Marauder x2  
  190  50:38  Marauder x2  
  122  51:52  Marine  
  122  51:53  Marine x9  
  132  51:55  Medivac  
  132  51:56  Medivac x7  
  148  52:10  Marine  
  148  52:11  Marine x4  
  151  52:25  Medivac  
  151  52:26  Medivac  
  153  52:46  SCV  
  153  52:47  Marine  
  153  52:48  Marine x9  
  164  52:52  Cyclone  
  168  53:05  Marine x6  
  169  53:06  Marine x4  
  169  53:12  Command Center  
  178  53:23  Marine x9  
  178  53:24  Cyclone, Marauder  
  193  53:32  Refinery  
  193  53:34  Refinery  
  193  53:39  SCV  
  193  53:40  Marine, SCV x4  
  199  53:41  Marine  
  101  54:57  Marine  
  101  54:58  Marine x9  
  111  55:07  Medivac  
  111  55:08  Medivac x7  
  127  55:15  Marine x4, Orbital Command  
  127  55:16  Marine x6  
  137  55:33  Marine x8  
  137  55:34  Marine x2  
  147  55:37  Medivac  
  147  55:38  Medivac x6  
  161  55:51  Marine x10  
  171  56:09  Marine x2  
  173  56:56  Battlecruiser  
  173  56:57  Battlecruiser  
  185  57:38  Marine x4  
  185  57:39  Marauder x2  
  185  57:41  Siege Tank  
  196  58:00  Marauder x2  
  188  58:27  Supply Depot  
  129  58:56  Marine x3  
  129  58:57  Marine x5  
  143  59:14  Marine x7  
  150  59:29  Orbital Command  
  144  59:32  Marine x7  
  151  59:49  Marine  
  151  59:50  Marine x6  
  158  60:07  Marine  
  158  60:08  Marine x2  
  161  60:18  Supply Depot  
  161  60:19  Marine x4  
  165  60:25  Marine  
  165  60:26  Marine x2  
  168  60:37  Marine  
  168  60:39  Marine x3  
  172  60:43  Marine x3  
  172  60:45  Supply Depot  
  175  60:50  Supply Depot  
  179  61:49  Viking x6  
  167  62:14  Marine  
  167  62:15  Marine x6  
  174  62:19  Viking x6  
  186  63:02  Marine x2  
  186  63:06  Viking  
  186  63:26  Viking  
  186  63:27  Viking  
  186  63:31  Marine x2  
  186  63:33  Marine  
  185  63:42  Factory  
  185  63:47  Supply Depot  
  185  63:49  Supply Depot  
  185  64:06  Supply Depot  
  185  64:08  Marine x4  
  189  64:44  Starport  
  189  64:46  Starport  
  189  65:12  Marine  
  131  66:11  Marine  
  131  66:12  Marine x6  
  135  66:29  Marine x5  
  135  66:30  Marine x2  
  142  66:43  Starport Tech Lab x2  
  142  66:47  Marine x7  
  149  67:29  Command Center  
  149  68:14  Marine x2  
  151  68:44  Marine  
  150  69:27  Marine x7  
  157  69:45  Marine x4  
  161  69:53  Supply Depot  
  161  70:00  Marine  
  161  70:01  Marine x2  
  161  70:02  Marine  
  161  70:03  Marine x3  
  168  70:18  Marine x2  
  108  71:16  Marine  
  43  71:54  Barracks  
  42  71:55  Barracks  
  42  71:56  Battlecruiser  
  42  71:57  Battlecruiser  
  54  72:20  Starport  
  54  72:44  Starport  
  42  73:04  Command Center  
  40  73:06  Starport Tech Lab  
  40  73:08  Battlecruiser x2  
  52  73:23  Command Center  
  52  73:26  Starport Tech Lab  
  52  73:52  Supply Depot  
  52  73:57  Orbital Command  
Show
View Real Time Build Order
Export as new Build Order

Simple Terran - Winner!

Build Orders:  

Get SALT Encoding   

  12  0:02  SCV  
  13  0:16  SCV  
  14  0:23  Supply Depot  
  14  0:33  Refinery  
  14  0:34  SCV  
  15  0:46  SCV  
  16  0:58  SCV  
  17  1:10  SCV  
  18  1:22  Barracks, SCV  
  19  1:29  Supply Depot  
  19  1:35  Engineering Bay  
  19  2:06  Terran Infantry Weapons Level 1  
  19  2:10  Reaper  
  19  2:11  Barracks  
  19  2:15  Refinery, Orbital Command  
  20  2:42  Reaper  
  19  3:49  Marine x2  
  21  3:57  Factory  
  21  4:01  Bunker  
  21  4:07  Marine x2  
  23  4:10  Missile Turret  
  23  4:21  Building Armor  
  23  4:23  Barracks  
  23  4:25  Marine x2  
  23  4:27  Factory  
  23  4:29  SCV  
  26  4:41  SCV  
  26  4:42  Marine  
  26  4:43  Marine  
  26  4:44  Hellion  
  31  5:09  Hellion, Marine x2  
  31  5:13  Marine  
  36  5:20  Supply Depot  
  36  5:27  Marine  
  36  5:28  Factory Tech Lab  
  37  5:31  Marine  
  38  5:42  Supply Depot  
  37  5:54  Marine x2  
  37  5:55  Command Center  
  39  6:08  Factory Tech Lab  
  39  6:09  Siege Tank  
  42  6:11  Marine  
  42  6:12  Marine  
  42  6:14  Starport  
  44  6:21  Supply Depot  
  44  6:27  Missile Turret  
  44  6:29  Marine x2  
  46  6:40  Terran Infantry Armor Level 1  
  46  6:41  Siege Tank  
  46  6:44  Supply Depot  
  49  6:47  Marine  
  49  6:48  Armory  
  49  6:49  Missile Turret  
  50  7:02  Starport Tech Lab  
  50  7:07  SCV  
  51  7:20  SCV  
  52  7:32  SCV  
  53  7:39  SCV  
  53  7:44  SCV  
  55  7:47  Terran Vehicle Weapons Level 1  
  55  7:51  SCV  
  56  7:56  Marine x2, SCV  
  59  8:03  SCV  
  60  8:08  SCV  
  61  8:14  Marine x2  
  61  8:17  Missile Turret  
  61  8:19  Missile Turret  
  63  8:20  SCV  
  63  8:22  Viking  
  66  8:38  Barracks Tech Lab, Missile Turret  
  66  8:43  Missile Turret  
  66  8:48  SCV  
  67  8:52  Bunker  
  67  9:00  SCV  
  67  9:01  Viking  
  70  9:03  Missile Turret  
  70  9:12  SCV  
  71  9:24  SCV  
  72  9:31  Viking  
  72  9:36  SCV  
  75  9:41  Starport  
  72  9:57  Refinery  
  69  10:01  Viking  
  71  10:20  Refinery  
  71  10:31  Viking  
  67  11:01  Viking  
  69  11:06  Starport Tech Lab  
  69  11:26  Bunker  
  69  11:31  Viking  
  71  11:34  Missile Turret  
  71  11:41  Terran Vehicle Weapons Level 2  
  71  11:54  Orbital Command  
  71  11:55  Missile Turret  
  71  12:01  Viking  
  71  12:02  Medivac  
  71  12:05  Command Center  
  75  12:15  Siege Tank  
  75  12:16  Missile Turret  
  74  12:32  Medivac  
  69  12:48  Siege Tank  
  66  12:54  Viking  
  66  12:59  Marine  
  66  13:02  Viking  
  69  13:08  Missile Turret  
  69  13:17  Marine  
  70  13:23  Viking  
  72  13:32  Viking  
  74  13:43  Missile Turret  
  74  13:53  Viking  
  76  13:56  Missile Turret  
  76  13:57  Terran Vehicle And Ship Armor Level 1  
  76  14:02  Viking  
  78  14:03  Missile Turret  
  75  14:17  Missile Turret  
  71  14:23  Viking  
  73  14:32  Viking  
  75  14:41  Missile Turret  
  75  14:53  Viking  
  77  15:02  Missile Turret, Viking  
  79  15:07  SCV  
  80  15:19  SCV  
  81  15:22  Missile Turret  
  81  15:31  SCV  
  81  15:32  Viking  
  84  15:43  SCV  
  85  15:54  Terran Vehicle Weapons Level 3  
  85  15:55  Viking, SCV  
  82  16:25  Viking  
  74  16:43  Viking  
  66  16:55  Viking, Refinery  
  68  17:03  Missile Turret  
  68  17:13  Viking  
  70  17:21  Refinery  
  70  17:23  High Capacity Fuel Tanks  
  70  17:25  Viking  
  72  17:34  Missile Turret  
  72  17:43  Viking  
  74  17:54  Missile Turret  
  74  17:55  Viking  
  74  18:13  Viking  
  74  18:15  Missile Turret  
  76  18:25  Viking  
  78  18:29  Siege Tank  
  78  18:30  Terran Vehicle And Ship Armor Level 2  
  81  18:36  Orbital Command  
  81  18:43  Viking  
  81  18:46  Orbital Command  
  83  18:55  Viking  
  85  19:01  Siege Tank  
  88  19:13  Viking  
  90  19:25  Viking  
  92  19:43  Viking  
  94  19:55  Viking  
  87  20:12  Viking  
  89  20:24  Refinery  
  89  20:28  Missile Turret  
  89  20:36  Command Center  
  89  20:39  Missile Turret  
  89  20:40  Bunker  
  89  20:42  Viking  
  89  20:47  Siege Tank  
  89  20:48  Missile Turret  
  94  20:59  Missile Turret  
  94  21:14  Marine  
  95  21:19  Siege Tank  
  98  21:31  Medivac  
  98  21:32  Marine  
  101  21:35  Viking  
  101  21:37  Terran Ship Weapons Level 1  
  103  21:50  Marine, SCV  
  105  21:54  Refinery  
  105  22:01  Medivac  
  105  22:02  SCV  
  105  22:05  Viking  
  110  22:18  Refinery  
  108  22:31  Medivac  
  108  22:35  Viking  
  112  22:40  Terran Infantry Weapons Level 2  
  112  22:44  Infernal Pre-Igniter  
  112  23:01  Medivac  
  114  23:13  Viking  
  116  23:35  Bunker  
  116  23:37  Missile Turret  
  116  23:43  Viking  
  117  24:01  Bunker  
  112  24:02  Drilling Claws  
  111  24:13  Viking  
  103  24:43  Viking  
  92  24:55  Terran Infantry Armor Level 2  
  70  25:21  Mag-Field Accelerator  
  66  25:42  SCV  
  66  25:47  Bunker  
  66  25:48  Viking  
  68  25:51  Siege Tank x2  
  68  25:55  SCV  
  75  26:07  SCV  
  76  26:18  Viking  
  78  26:19  SCV  
  78  26:21  Marine  
  78  26:23  Siege Tank x2  
  86  26:39  Marine  
  87  26:48  Viking  
  89  26:55  Siege Tank  
  89  26:57  Marine  
  93  27:13  Bunker  
  93  27:15  Marine  
  94  27:18  Viking  
  96  27:32  Marine  
  96  27:47  Viking  
  83  28:14  Missile Turret  
  80  28:52  Siege Tank  
  83  29:12  Command Center  
  83  29:24  Siege Tank  
  86  29:56  Siege Tank  
  89  30:06  Bunker  
  85  30:19  Siege Tank  
  85  30:20  Medivac  
  90  30:28  Siege Tank  
  93  30:38  Bunker  
  87  30:50  Medivac  
  87  30:55  Terran Vehicle And Ship Armor Level 3  
  89  30:57  Terran Infantry Weapons Level 3  
  89  31:12  Missile Turret  
  89  31:20  Medivac  
  91  31:33  Missile Turret  
  91  31:50  Medivac, Siege Tank x2  
  99  32:03  Marine  
  100  32:20  Marine  
  100  32:22  Siege Tank x2  
  107  32:38  Marine  
  107  32:40  Medivac  
  107  32:44  Refinery  
  110  32:56  Marine  
  111  33:08  Refinery  
  111  33:14  Marine  
  112  33:32  Terran Ship Weapons Level 2  
  112  33:34  Terran Infantry Armor Level 3  
  103  34:26  Viking  
  103  34:31  Siege Tank  
  108  34:56  Viking  
  110  35:01  Command Center  
  110  35:03  Siege Tank  
  107  35:26  Viking  
  87  36:11  Hi-Sec Auto Tracking  
  83  37:21  Viking  
  85  37:23  Marine  
  86  37:41  Marine  
  87  37:59  Marine  
  87  38:00  SCV  
  89  38:07  Refinery, Orbital Command  
  90  38:12  SCV  
  90  38:17  Marine  
  91  38:24  SCV  
  92  38:33  Refinery  
  92  38:34  Marine  
  92  38:37  SCV, Banshee  
  97  38:49  SCV  
  98  39:01  SCV  
  99  39:13  SCV  
  100  39:20  Banshee  
  103  39:25  SCV  
  103  39:27  Cloaking Field  
  104  39:37  SCV  
  105  40:02  Banshee  
  105  40:04  SCV  
  109  40:14  Banshee  
  112  40:16  SCV  
  113  40:28  Marine  
  114  40:29  SCV  
  115  40:41  SCV  
  116  40:45  Banshee  
  116  40:46  Marine  
  120  40:56  Banshee  
  123  41:02  Terran Ship Weapons Level 3  
  123  41:03  Marine  
  124  41:21  Marine  
  125  41:28  Banshee  
  128  41:39  Marine, Banshee  
  132  42:11  Banshee  
  135  42:22  Banshee  
  138  42:24  Orbital Command  
  138  42:38  Marine  
  139  42:48  Neosteel Frame  
  139  42:54  Banshee  
  139  42:56  Marine  
  143  42:59  Siege Tank  
  146  43:14  Marine  
  147  43:25  Command Center  
  147  43:28  Refinery  
  147  43:31  Siege Tank  
  147  43:32  Marine  
  144  43:49  Marine  
  136  44:04  Siege Tank  
  139  44:36  Siege Tank  
  127  45:08  Siege Tank  
  130  45:29  Viking  
  130  45:31  Viking  
  134  45:40  Siege Tank  
  137  45:59  Viking  
  137  46:01  Viking  
  141  46:12  Siege Tank  
  144  46:29  Viking  
  144  46:31  Viking  
  148  46:44  Siege Tank  
  151  46:59  Viking  
  151  47:01  Viking  
  155  47:16  Siege Tank  
  158  47:29  Viking  
  160  47:31  Viking  
  162  47:54  Supply Depot  
  162  48:16  Supply Depot, Siege Tank  
  165  48:39  Supply Depot  
  165  48:48  Siege Tank  
  122  50:13  Fusion Core  
  91  52:18  Command Center  
  91  52:22  Refinery  
  91  52:31  Siege Tank  
  94  52:48  Missile Turret  
  94  52:49  Refinery  
  94  53:03  Siege Tank  
  97  53:09  Missile Turret  
  97  53:17  SCV  
  98  53:29  Missile Turret  
  98  53:34  SCV  
  98  53:35  Siege Tank  
  102  53:43  Fusion Core  
  102  53:46  SCV  
  103  53:50  Missile Turret  
  103  53:55  Missile Turret  
  103  53:58  SCV  
  104  54:10  SCV  
  95  54:17  Missile Turret  
  95  54:22  SCV  
  96  54:32  Weapon Refit  
  96  54:36  Battlecruiser x2  
  108  54:43  Missile Turret  
  108  55:01  Siege Tank  
  108  55:03  Marine  
  112  55:15  Behemoth Reactor  
  112  55:21  Marine  
  113  55:34  Siege Tank  
  116  55:39  Marine  
  116  55:40  Battlecruiser x2  
  129  55:57  Marine  
  130  56:06  Siege Tank  
  133  56:15  Marine  
  134  56:31  Supply Depot  
  134  56:53  Battlecruiser  
  140  56:54  Supply Depot  
  140  56:59  SCV  
  141  57:16  Battlecruiser, SCV  
  141  57:17  Supply Depot  
  148  57:28  SCV  
  149  57:40  Supply Depot, SCV  
  150  57:52  SCV  
  150  57:57  Battlecruiser  
  157  62:43  Battlecruiser x2  
  164  63:47  Battlecruiser x2  
  176  63:56  Missile Turret  
  176  64:05  Missile Turret  
  176  64:13  Orbital Command  
  132  66:27  Battlecruiser x2  
  144  67:31  Battlecruiser x2  
  156  68:08  Missile Turret  
  156  68:28  Missile Turret  
  156  68:36  Battlecruiser x2  
  168  68:48  Missile Turret  
  166  69:36  Command Center  
  166  69:40  Battlecruiser  
  172  70:49  Missile Turret  
  167  71:10  Missile Turret  
  161  71:30  Missile Turret  
  161  71:47  SCV  
  161  71:50  Missile Turret  
  161  71:52  SCV  
  163  71:59  SCV  
  164  72:05  SCV  
  165  72:11  SCV  
  165  72:14  Missile Turret  
  166  72:17  SCV  
  167  72:23  SCV  
  167  72:29  SCV  
  169  72:35  SCV  
  170  72:41  SCV  
  171  73:39  SCV  
  172  73:44  Refinery  
  172  73:51  SCV  
  173  74:04  SCV  
  174  74:11  Refinery  
  174  74:16  SCV  
  175  74:28  SCV  
Tags
 
Add a new tag
Caveats
  • Supply blocks, unpowered buildings, or Contaminate may cause inaccurate times.
  • Supply counts are checked every 10 seconds.